 Dungeon Crawl Stone Soup version 0.30-a0-165-g1891117ce2 (webtiles) character file.

Game seed: 16412471784990608990

57843 qw the Severer (level 14, -14/92 HPs)
             Began as a Gargoyle Fighter on Sept 28, 2022.
             Was a High Priest of Okawaru.
             Killed from afar by a fire dragon (35 damage)
             ... with a blast of flame
             ... on level 14 of the Dungeon.
             The game lasted 00:07:39 (20295 turns).

qw the Severer (Gargoyle Fighter)                  Turns: 20295, Time: 00:07:39

Health: -14/92     AC: 41    Str: 24    XL:     14   Next: 88%
Magic:  21/21      EV: 16    Int: 17    God:    Okawaru [*****.]
Gold:   824        SH: 11    Dex:  4    Spells: 13/13 levels left

rFire   . . .      SeeInvis +    Y - +4 broad axe (drain)
rCold   . . .      Faith    .    c - +0 buckler
rNeg    + + .      Spirit   .    t - +0 plate armour
rPois   inf        Reflect  +    g - +2 helmet
rElec   +          Harm     .    m - +0 cloak
rCorr   .          Rampage  .    h - +2 pair of gloves "Kiun" {rN+ Will- Int+7 Dex-5 SInv}
Will    .....                    e - +2 pair of boots
Stlth   ..........               l - amulet of reflection
HPRegen 0.25/turn                s - ring of Ufengiofe {rPois EV+4 Slay+3}
MPRegen 0.17/turn                k - +4 ring of evasion

@: about to teleport, heroic, flying
A: sickness immunity, AC +10, big wings, negative energy resistance 1,
electricity resistance, torment resistance 1, petrification resistance, hooves 1
a: Renounce Religion, Heroism, Finesse, Duel


You were on level 14 of the Dungeon.
You worshipped Okawaru.
Okawaru was extremely pleased with you.
You visited 3 branches of the dungeon, and saw 20 of its levels.

You collected 1410 gold pieces.
You spent 586 gold pieces at shops.


Innate Abilities, Weirdness & Mutations

You are immune to sickness and miasma.
Your stone body is resilient. (AC +10)
You are immune to poison.
Your large and strong wings let you fly.
You resist negative energy. (rN+)
You are resistant to electric shocks. (rElec)
You are resistant to unholy torment.
You are immune to petrification.
You have large cloven feet.


   Skills:
 - Level 12.0(17.0) Fighting
 + Level 15.6(20.6) Axes
 - Level 5.9(10.9) Throwing
 - Level 12.0(17.0) Armour
 - Level 2.0(7.0) Dodging
 - Level 7.5(12.5) Shields
 - Level 10.0 Invocations


You had 13 spell levels left.
You didn't know any spells.
Your spell library was empty.

Inventory:

Hand Weapons
 w - a +1 demon whip of venom
 Y - a +4 broad axe of draining (weapon)
Missiles
 p - 8 javelins (quivered)
 r - a boomerang
Armour
 c - a +0 buckler (worn)
 e - a +2 pair of boots (worn)
 g - a +2 helmet (worn)
 h - the +2 pair of gloves "Kiun" (worn) {rN+ Will- Int+7 Dex-5 SInv}
   (Okawaru gifted it to you on level 4 of the Lair of Beasts)

   Int:       It affects your intelligence (+7).
   Dex:       It affects your dexterity (-5).
   rN:        It protects you from negative energy.
   SInv:      It lets you see invisible.
   Will:      It decreases your willpower.
 i - the +1 ring mail of Benevolence {rElec rCorr Str+4 Int-2 Slay+3}
   (You found it on level 5 of the Lair of Beasts)

   Str:       It affects your strength (+4).
   Int:       It affects your intelligence (-2).
   Slay:      It affects your accuracy & damage with ranged weapons and melee
   (+3).
   rElec:     It insulates you from electricity.
   rCorr:     It protects you from acid and corrosion.
 m - a +0 cloak (worn)
 t - a +0 plate armour (worn)
 x - a +0 pair of gloves
Jewellery
 a - a ring of resist corrosion
 k - a +4 ring of evasion (right hand)
 l - an amulet of reflection (around neck)
 s - the ring of Ufengiofe (left hand) {rPois EV+4 Slay+3}
   (You found it on level 11 of the Dungeon)

   [ring of evasion]

   EV:        It affects your evasion (+4).
   Slay:      It affects your accuracy & damage with ranged weapons and melee
   (+3).
   rPois:     It protects you from poison.
 y - a ring of protection from cold
Scrolls
 o - 9 scrolls of identify
 u - 2 scrolls of teleportation
Potions
 b - 2 potions of resistance
 d - 6 potions of might
 f - 4 potions of attraction
 j - 16 potions of curing
 n - 7 potions of lignification
 q - 5 potions of mutation
 v - 4 potions of haste
 z - 2 potions of cancellation

Dungeon Overview and Level Annotations

Branches:
Dungeon (14/15)            Temple (1/1) D:4            Lair (5/5) D:11
 Shoals (0/4) Lair:2       Spider (0/4) Lair:2        Slime (0/5) Lair:4
    Orc (0/2) D:11
 Vaults: D:13-14

Altars:
Ashenzari
Cheibriados
Dithmenos
Elyvilon
Fedhas
Gozag
Hepliaklqana
Kikubaaqudgha
Makhleb
Nemelex Xobeh
Okawaru
Qazlal
Ru
Sif Muna
Trog
Uskayaw
Vehumet
Wu Jian
Xom
Yredelemnul
Zin
The Shining One
Jiyva

Shops:
D:2 [[=   D:4 *?!   D:5 *   D:9 ?   D:10 !

Annotations:
D:8 3 runed translucent doors, qw's ghost, novice GrFi
D:9 3 runed translucent doors, qw's ghost, journeyman GrFi


Message History

The brown ugly thing misses you.
You slice the brown ugly thing!! You drain the brown ugly thing!
The brown ugly thing is almost dead.
The brown ugly thing completely misses you.
You barely miss the brown ugly thing.
The brown ugly thing is almost dead.
A brown ugly thing comes into view.
You closely miss the brown ugly thing.
The brown ugly thing is almost dead.
You block the brown ugly thing's attack.
You closely miss the brown ugly thing.
The brown ugly thing is almost dead.
The brown ugly thing basks in the mutagenic energy from its kin and changes!
The brown ugly thing misses you.
You slash the brown ugly thing!
You kill the brown ugly thing!
Okawaru accepts your kill.
You see here an ugly thing corpse.
You barely miss the cyan ugly thing.
The cyan ugly thing is almost dead.
You block the cyan ugly thing's attack.
You slash the cyan ugly thing!
You kill the cyan ugly thing!
Okawaru accepts your kill.
You can now enter into single combat with a foe.
Okawaru will now gift you equipment as you gain piety.
The fire dragon breathes flames at you. The blast of flame hits you!!
You hear a shout!
20293 ||| READING 3 scrolls of teleportation.
As you read the scroll of teleportation, it crumbles to dust.
You feel strangely unstable.
You slice the fire dragon!!
The fire dragon is moderately wounded.
You hear a shout!
You hit the fire dragon. You drain the fire dragon.
The fire dragon is moderately wounded.
The fire dragon breathes flames at you. The blast of flame hits you!!
You die...

<...# #. ....# #u
....# #u ....# #.
.#..# #u#### .#..#
#.%.u# ##..#
####c# #..# #D#
#..# #@#
##..############.#
...............)%#
##..##############
#..# ####


You could see a fire dragon (catching breath, drained), a brown ugly thing and a
centaur warrior.

Vanquished Creatures
  Kirke (Lair:5)
  Josephine (D:10)
  Erolcha (D:13)
  4 hydras
  3 catoblepae
  2 boulder beetles
  3 two-headed ogres
  7 death yaks (Lair:5)
  A deep troll shaman (Lair:5)
  A tengu warrior (D:13)
  Urug (D:10)
  Amaemon (D:10)
  5 skeletal warriors (D:12)
  A lindwurm (Lair:5)
  6 ugly things
  2 black mambas (Lair:2)
  14 elephants
  An orange demon (D:10)
  3 unseen horrors
  3 gargoyles (D:11)
  7 cane toads
  Maggie (D:10)
  3 rime drakes
  2 ice devils (Lair:2)
  2 kobold demonologists (D:10)
  An efreet (D:14)
  A tengu conjurer (D:13)
  9 komodo dragons
  2 polar bears (Lair:5)
  5 trolls
  A tarantella (Lair:2)
  14 blink frogs
  5 dream sheep (Lair:1)
  5 wraiths
  A shadow (D:11)
  3 wyverns
  16 yaks
  A vampire (D:13)
  2 hogs (Lair:5)
  2 humans (Lair:5)
  8 vampire mosquitoes
  9 basilisks
  A steam dragon (D:9)
  2 two-headed ogre zombies (D:11)
  3 acid dragons
  19 water moccasins
  6 orc warriors
  4 black bears
  3 ice beasts (D:6)
  4 ogres
  10 centaurs
  34 wolves
  2 phantoms (D:11)
  5 kobold brigands
  3 bullfrogs
  2 gnoll sergeants
  7 scorpions
  2 necrophages
  13 wights (D:9)
  2 troll zombies (D:11)
  2 howler monkeys
  An electric eel (D:8)
  3 gnoll boudas
  2 jellies (Lair:4)
  9 orc priests
  2 hounds (D:6)
  6 iguanas
  2 orc wizards
  4 ogre zombies (D:11)
  7 adders
  17 gnolls
  2 white imps (D:5)
  An ufetubus (D:5)
  3 worms
  A dart slug (D:5)
  58 orcs
  8 ball pythons
  3 bats
  16 endoplasms
  3 giant cockroaches
  2 goblins
  10 hobgoblins
  3 jackals (D:1)
  4 quokkas
  A frilled lizard (D:1)
  6 goblin zombies (D:11)
  3 hobgoblin skeletons (D:11)
  2 hobgoblin zombies (D:11)
  31 kobolds
  5 orc skeletons (D:11)
  9 orc zombies (D:11)
  5 rats
514 creatures vanquished.

Vanquished Creatures (others)
  A polar bear (Lair:4)
  14 fungi
  81 plants
96 creatures vanquished.

Grand Total: 610 creatures vanquished

Notes
Turn   | Place    | Note
-------+----------+-------------------------------------------
     0 | D:1      | qw the Gargoyle Fighter began the quest for the Orb.
     0 | D:1      | Reached XP level 1. HP: 14/14 MP: 1/1
     0 | D:1      | 0 ||| qw: Version: 0.2-a-12-gaebbb33
     0 | D:1      | 0 ||| qw: Game counter: 828
     0 | D:1      | 0 ||| qw: Always use a shield: true
     0 | D:1      | 0 ||| qw: God list: Okawaru
     0 | D:1      | 0 ||| qw: Allow faded altars: false
     0 | D:1      | 0 ||| qw: Do Orc after D:15 true
     0 | D:1      | 0 ||| qw: Do second Lair branch before Depths: true
     0 | D:1      | 0 ||| qw: Lair rune preference: random
     0 | D:1      | 0 ||| qw: Plans: Normal, Zot:1-4, God:TSO, Crypt, Tomb,
                  | Pan, Slime:5, Hells, Abyss, Orb
     0 | D:1      | 0 ||| PLANNING D:1-11
   140 | D:1      | Reached skill level 2 in Axes
   188 | D:1      | Reached XP level 2. HP: 19/19 MP: 2/2
   546 | D:1      | Found a faded altar of an unknown god.
   548 | D:1      | 548 ||| Stepping ~*~*~tactically~*~*~ (stealth).
   549 | D:1      | 549 ||| Stepping ~*~*~tactically~*~*~ (stealth).
   840 | D:1      | 840 ||| UPGRADING to +0 chain mail.
   850 | D:1      | 850 ||| DROPPING +0 scale mail.
   851 | D:1      | 851 ||| DROPPING amulet of magic regeneration.
   852 | D:1      | 852 ||| READING scroll labelled RAZY WAYLULIR.
   853 | D:1      | 853 ||| READING scroll labelled URACKY YMMYTEQ.
   854 | D:1      | 854 ||| READING scroll labelled FYNYGO LYETO.
   900 | D:2      | 900 ||| STAIRDANCE
   904 | D:1      | Reached skill level 3 in Axes
   906 | D:2      | 906 ||| STAIRDANCE
   914 | D:1      | Reached XP level 3. HP: 13/23 MP: 3/3
  1047 | D:2      | Identified the +3 hand axe of World's End {freeze, Int+2}
  1049 | D:2      | 1049 ||| DROPPING +3 hand axe of World's End {freeze,
                  | Int+2}.
  1164 | D:2      | Found Koatell's Armour Shoppe.
  1171 | D:2      | 1171 ||| BUYING +0 helmet (63 gold).
  1171 | D:2      | Bought a +0 helmet for 63 gold pieces
  1171 | D:2      | 1171 ||| SHOPLISTING +2 cloak of stealth (301 gold, have
                  | 1).
  1171 | D:2      | 1171 ||| SHOPLISTING +3 buckler "Joemaes" {Harm} (371 gold,
                  | have 1).
  1171 | D:2      | 1171 ||| SHOPLISTING quicksilver dragon scales (840 gold,
                  | have 1).
  1285 | D:2      | Found Jugyss's Armour Boutique.
  1295 | D:2      | 1295 ||| Stepping ~*~*~tactically~*~*~ (stealth).
  1331 | D:2      | 1331 ||| SHOPLISTING +0 cloak (45 gold, have 1).
  1331 | D:2      | 1331 ||| SHOPLISTING +1 cloak (115 gold, have 1).
  1505 | D:2      | Found Miuf Zeola's Jewellery Emporium.
  1513 | D:2      | 1513 ||| SHOPLISTING +4 ring of evasion (504 gold, have
                  | 44).
  1513 | D:2      | 1513 ||| SHOPLISTING +6 ring of dexterity (504 gold, have
                  | 44).
  1513 | D:2      | 1513 ||| SHOPLISTING +6 ring of strength (504 gold, have
                  | 44).
  1513 | D:2      | 1513 ||| SHOPLISTING ring of fire (350 gold, have 44).
  1620 | D:2      | 1620 ||| UPGRADING to +0 helmet.
  1625 | D:2      | 1625 ||| DROPPING +0 scale mail of willpower.
  1626 | D:2      | 1626 ||| UPGRADING to ring of protection from cold.
  1627 | D:2      | 1627 ||| READING scroll labelled ZUNUCOV GOEZI.
  1632 | D:2      | 1632 ||| READING scroll labelled JIX DAMNIDDARI.
  1633 | D:2      | 1633 ||| READING scroll labelled ELEYRE OVORCH.
  1634 | D:2      | 1634 ||| READING scroll labelled TUWULAXKYQ.
  1780 | D:3      | Reached XP level 4. HP: 26/28 MP: 4/4
  1819 | D:3      | 1819 ||| Stepping ~*~*~tactically~*~*~ (stealth).
  1820 | D:3      | 1820 ||| STAIRDANCE
  1862 | D:2      | 1862 ||| DRINKING 2 ruby potions.
  1986 | D:3      | Reached skill level 4 in Axes
  2233 | D:3      | 2233 ||| UPGRADING to +4 ring of evasion.
  2234 | D:3      | 2234 ||| DROPPING ring of flight.
  2235 | D:3      | 2235 ||| READING 3 scrolls labelled ASAIHOOGACH.
  2236 | D:3      | 2236 ||| READING scroll labelled CIAWEU DAVVYT.
  2237 | D:3      | 2237 ||| READING scroll labelled LAIBBA ZOJONA.
  2238 | D:3      | 2238 ||| DRINKING 2 fizzy emerald potions.
  2239 | D:3      | 2239 ||| DROPPING potion of brilliance.
  2240 | D:3      | 2240 ||| DROPPING 2 scrolls of fear.
  2269 | D:4      | Found a staircase to the Ecumenical Temple.
  2270 | D:4      | 2270 ||| PLANNING TEMPLE
  2270 | D:4      | 2270 ||| STAIRDANCE
  2280 | D:4      | 2280 ||| FLEEEEING.
  2282 | D:4      | 2282 ||| FLEEEEING.
  2284 | D:4      | 2284 ||| STAIRDANCE
  2286 | D:3      | 2286 ||| DROPPING +0 club.
  2290 | D:4      | 2290 ||| STAIRDANCE
  2301 | Temple   | Entered the Ecumenical Temple
  2377 | Temple   | 2377 ||| PLANNING D:1-11
  2393 | D:4      | 2393 ||| READING scroll of enchant armour.
  2393 | D:4      | 2393 ||| ENCHANTING +0 helmet.
  2409 | D:4      | Noticed a scorpion
  2416 | D:4      | Killed a scorpion
  2417 | D:4      | Reached XP level 5. HP: 26/32 MP: 5/5
  2476 | D:4      | Found King's Magic Scroll Emporium.
  2493 | D:4      | 2493 ||| BUYING scroll of brand weapon (123 gold).
  2493 | D:4      | Bought a scroll of brand weapon for 123 gold pieces
  2493 | D:4      | 2493 ||| SHOPLISTING scroll of enchant weapon (97 gold,
                  | have 13).
  2493 | D:4      | 2493 ||| SHOPLISTING scroll of identify (26 gold, have 13).
  2493 | D:4      | 2493 ||| READING scroll of brand weapon.
  2493 | D:4      | 2493 ||| BRANDING +0 war axe of chaos.
  2542 | D:4      | 2542 ||| Stepping ~*~*~tactically~*~*~ (stealth).
  2673 | D:4      | Noticed an ogre
  2677 | D:4      | Killed an ogre
  2678 | D:4      | Reached skill level 5 in Axes
  2678 | D:4      | Reached XP level 6. HP: 18/37 MP: 6/6
  2844 | D:4      | Found Kimadul's Distillery.
  2847 | D:4      | 2847 ||| SHOPLISTING potion of curing (33 gold, have 13).
  2847 | D:4      | 2847 ||| SHOPLISTING potion of might (44 gold, have 13).
  2927 | D:4      | Found Enick's Assorted Antiques.
  3202 | D:4      | 3202 ||| Stepping ~*~*~tactically~*~*~ (stealth).
  3421 | D:4      | 3421 ||| UPGRADING to +0 cloak.
  3426 | D:4      | 3426 ||| READING 4 scrolls labelled MICHUA NIGIXT.
  3427 | D:4      | 3427 ||| READING 3 scrolls labelled RILUYF XOYXE.
  3428 | D:4      | 3428 ||| DRINKING 3 black potions.
  3429 | D:4      | 3429 ||| DRINKING 2 glowing yellow potions.
  3430 | D:4      | 3430 ||| READING 2 scrolls of identify.
  3430 | D:4      | 3430 ||| IDENTIFYING blue potion
  3431 | D:4      | 3431 ||| DROPPING potion of invisibility.
  3432 | D:4      | 3432 ||| DROPPING 3 scrolls of poison.
  3433 | D:4      | 3433 ||| DROPPING potion of degeneration.
  3434 | D:4      | 3434 ||| DROPPING 2 scrolls of vulnerability.
  3480 | D:5      | Entered Level 5 of the Dungeon
  3481 | D:5      | 3481 ||| STAIRDANCE
  3553 | D:5      | 3553 ||| STAIRDANCE
  3561 | D:5      | 3561 ||| STAIRDANCE
  3582 | D:5      | 3582 ||| STAIRDANCE
  3591 | D:5      | Reached XP level 7. HP: 30/43 MP: 7/7
  3591 | D:5      | 3591 ||| STAIRDANCE
  3762 | D:5      | 3762 ||| Stepping ~*~*~tactically~*~*~ (water).
  3766 | D:5      | Reached skill level 6 in Axes
  4240 | D:5      | 4240 ||| Stepping ~*~*~tactically~*~*~ (stealth).
  4242 | D:5      | 4242 ||| Stepping ~*~*~tactically~*~*~ (hiding).
  4252 | D:5      | Reached skill level 7 in Axes
  4254 | D:5      | 4254 ||| Stepping ~*~*~tactically~*~*~ (hiding).
  4255 | D:5      | 4255 ||| FLEEEEING.
  4258 | D:5      | Reached XP level 8. HP: 21/48 MP: 8/8
  4262 | D:5      | Reached skill level 1 in Dodging
  4263 | D:5      | HP: 3/48 [gnoll sergeant/+0 spear (11)]
  4264 | D:5      | 4264 ||| READING scroll of teleportation.
  4619 | D:5      | 4619 ||| Stepping ~*~*~tactically~*~*~ (stealth).
  4620 | D:5      | 4620 ||| Stepping ~*~*~tactically~*~*~ (stealth).
  4698 | D:5      | 4698 ||| Stepping ~*~*~tactically~*~*~ (stealth).
  4728 | D:5      | Found a glowing silver altar of Zin.
  4729 | D:5      | Found Zin's Purification Station.
  4737 | D:5      | 4737 ||| Stepping ~*~*~tactically~*~*~ (stealth).
  4768 | D:5      | 4768 ||| SHOPLISTING potion of curing (90 gold, have 30).
  4903 | D:5      | Identified the +5 robe "Loibump" {Fly rF+ Int-2}
  5183 | D:5      | 5183 ||| DRINKING 2 smoky inky potions.
  5184 | D:5      | 5184 ||| READING 4 scrolls of identify.
  5184 | D:5      | 5184 ||| IDENTIFYING clear potion
  5185 | D:5      | 5185 ||| READING 3 scrolls of identify.
  5185 | D:5      | 5185 ||| IDENTIFYING grey potion
  5186 | D:5      | 5186 ||| DROPPING potion of ambrosia.
  5200 | D:5      | 5200 ||| STAIRDANCE
  5204 | D:5      | 5204 ||| STAIRDANCE
  5208 | D:5      | 5208 ||| STAIRDANCE
  5212 | D:5      | 5212 ||| STAIRDANCE
  5216 | D:5      | 5216 ||| STAIRDANCE
  5220 | D:5      | 5220 ||| STAIRDANCE
  5224 | D:5      | 5224 ||| STAIRDANCE
  5228 | D:5      | 5228 ||| STAIRDANCE
  5232 | D:5      | 5232 ||| STAIRDANCE
  5236 | D:5      | 5236 ||| STAIRDANCE
  5240 | D:5      | 5240 ||| STAIRDANCE
  5244 | D:5      | 5244 ||| STAIRDANCE
  5248 | D:5      | 5248 ||| STAIRDANCE
  5252 | D:5      | 5252 ||| STAIRDANCE
  5256 | D:5      | 5256 ||| STAIRDANCE
  5330 | D:4      | 5330 ||| SHOPLISTING 2 scrolls labelled HOCSIRAUWO (56
                  | gold, have 53).
  5330 | D:4      | 5330 ||| BUYING fuming orange potion (25 gold).
  5330 | D:4      | Bought a fuming orange potion for 25 gold pieces
  5330 | D:4      | 5330 ||| SHOPLISTING potion of attraction (84 gold, have
                  | 28).
  5330 | D:4      | 5330 ||| SHOPLISTING potion of curing (84 gold, have 28).
  5330 | D:4      | 5330 ||| BUYING yellow potion (25 gold).
  5330 | D:4      | Bought a yellow potion for 25 gold pieces
  5330 | D:4      | 5330 ||| READING 2 scrolls of identify.
  5330 | D:4      | 5330 ||| IDENTIFYING fuming orange potion
  5331 | D:4      | 5331 ||| DROPPING potion of flight.
  5364 | D:6      | Reached skill level 8 in Axes
  5488 | D:6      | 5488 ||| Stepping ~*~*~tactically~*~*~ (stealth).
  5579 | D:6      | 5579 ||| Stepping ~*~*~tactically~*~*~ (stealth).
  5581 | D:6      | 5581 ||| Stepping ~*~*~tactically~*~*~ (stealth).
  5583 | D:6      | 5583 ||| Stepping ~*~*~tactically~*~*~ (stealth).
  5759 | D:6      | Reached skill level 6 in Fighting
  5767 | D:6      | You fall into a shaft and drop 3 floors!
  5767 | D:9      | Found Beklaz's Magic Scroll Shop.
  5772 | D:9      | 5772 ||| PLANNING D:1-11
  5772 | D:9      | 5772 ||| SHOPLISTING scroll of enchant armour (105 gold,
                  | have 19).
  5790 | D:9      | Noticed a wyvern
  5798 | D:9      | Killed a wyvern
  5799 | D:9      | Reached XP level 9. HP: 40/55 MP: 9/9
  5804 | D:9      | Reached skill level 9 in Axes
  5984 | D:9      | Noticed a kobold demonologist
  5985 | D:9      | Found a runed translucent gate.
  5986 | D:9      | Found a runed translucent gate.
  5986 | D:9      | Found an opulent altar of Gozag.
  5987 | D:9      | Found a runed translucent gate.
  5987 | D:9      | Noticed qw's ghost (journeyman GrFi)
  6235 | D:9      | 6235 ||| UPGRADING to amulet of reflection.
  6240 | D:9      | 6240 ||| DROPPING +6 ring of intelligence.
  6241 | D:9      | 6241 ||| READING scroll labelled AJUILUCVOMI.
  6242 | D:9      | 6242 ||| DRINKING 2 silvery potions.
  6299 | D:8      | 6299 ||| Stepping ~*~*~tactically~*~*~ (stealth).
  6320 | D:8      | 6320 ||| Stepping ~*~*~tactically~*~*~ (stealth).
  6321 | D:8      | 6321 ||| Stepping ~*~*~tactically~*~*~ (stealth).
  6322 | D:8      | 6322 ||| Stepping ~*~*~tactically~*~*~ (stealth).
  6323 | D:8      | 6323 ||| Stepping ~*~*~tactically~*~*~ (stealth).
  6324 | D:8      | 6324 ||| Stepping ~*~*~tactically~*~*~ (stealth).
  6534 | D:8      | Found a runed translucent gate.
  6534 | D:8      | Found a runed translucent gate.
  6534 | D:8      | Found a runed translucent gate.
  6534 | D:8      | Noticed qw's ghost (novice GrFi)
  6628 | D:8      | 6628 ||| Stepping ~*~*~tactically~*~*~ (hiding).
  6711 | D:8      | 6711 ||| Stepping ~*~*~tactically~*~*~ (stealth).
  6834 | D:8      | 6834 ||| DROPPING +5 robe "Loibump" {Fly rF+ Int-2}.
  6835 | D:8      | 6835 ||| UPGRADING to +0 plate armour.
  6845 | D:8      | 6845 ||| DROPPING +0 chain mail.
  6846 | D:8      | 6846 ||| READING 2 scrolls labelled OSSYMAQUCH.
  6847 | D:8      | 6847 ||| READING 3 scrolls labelled HOCSIRAUWO.
  6848 | D:8      | 6848 ||| READING 2 scrolls of enchant weapon.
  6848 | D:8      | 6848 ||| ENCHANTING +1 war axe of electrocution.
  6849 | D:8      | 6849 ||| READING scroll of enchant weapon.
  6849 | D:8      | 6849 ||| ENCHANTING +2 war axe of electrocution.
  6850 | D:8      | 6850 ||| DRINKING 2 yellow potions.
  6850 | D:8      | Gained mutation: You have large cloven feet. [potion of
                  | mutation]
  6850 | D:8      | Gained mutation: Your large and strong wings let you fly.
                  | [potion of mutation]
  6851 | D:8      | 6851 ||| DROPPING scroll of immolation.
  6873 | D:7      | Found an ornate altar of the Wu Jian Council.
  6874 | D:7      | Found an iron altar of Okawaru.
  6875 | D:7      | 6875 ||| PLANNING OKAWARU WORSHIP
  6876 | D:7      | Found a sparkling altar of Nemelex Xobeh.
  6876 | D:7      | Found a glowing golden altar of the Shining One.
  6882 | D:7      | 6882 ||| Stepping ~*~*~tactically~*~*~ (stealth).
  6883 | D:7      | 6883 ||| Stepping ~*~*~tactically~*~*~ (stealth).
  6894 | D:7      | Found a bloodstained altar of Trog.
  6895 | D:7      | Found a burning altar of Makhleb.
  6898 | D:7      | Became a worshipper of Warmaster Okawaru
  6899 | D:7      | 6899 ||| PLANNING D:1-11
  6907 | D:7      | 6907 ||| DROPPING +0 flail.
  6930 | D:6      | 6930 ||| Stepping ~*~*~tactically~*~*~ (hiding).
  6931 | D:6      | 6931 ||| Stepping ~*~*~tactically~*~*~ (hiding).
  7413 | D:6      | 7413 ||| Stepping ~*~*~tactically~*~*~ (hiding).
  7423 | D:6      | Reached skill level 6 in Armour
  7492 | D:6      | Reached skill level 10 in Axes
  7492 | D:6      | Reached XP level 10. HP: 63/63 MP: 10/10
  7493 | D:6      | Reached * piety under Okawaru
  7509 | D:6      | Reached skill level 1 in Invocations
  7943 | D:7      | Identified the +1 ring mail of Uduc {Regen+ Str+4 Int-2}
  8229 | D:7      | Killed an unseen horror
  8442 | D:7      | 8442 ||| Stepping ~*~*~tactically~*~*~ (stealth).
  8446 | D:7      | 8446 ||| Stepping ~*~*~tactically~*~*~ (stealth).
  8448 | D:7      | 8448 ||| Stepping ~*~*~tactically~*~*~ (stealth).
  8451 | D:7      | 8451 ||| Stepping ~*~*~tactically~*~*~ (stealth).
  8454 | D:7      | 8454 ||| Stepping ~*~*~tactically~*~*~ (stealth).
  8457 | D:7      | 8457 ||| Stepping ~*~*~tactically~*~*~ (stealth).
  8459 | D:7      | 8459 ||| Stepping ~*~*~tactically~*~*~ (stealth).
  8461 | D:7      | 8461 ||| INVOKING Heroism.
  8475 | D:7      | Reached skill level 3 in Invocations
  8644 | D:7      | 8644 ||| Stepping ~*~*~tactically~*~*~ (hiding).
  8646 | D:7      | 8646 ||| INVOKING Heroism.
  8667 | D:7      | 8667 ||| SWAPPING to +1 vorpal broad axe.
  8668 | D:7      | 8668 ||| DROPPING +3 war axe of electrocution.
  9324 | D:9      | 9324 ||| INVOKING Heroism.
  9333 | D:9      | Reached skill level 3 in Throwing
  9409 | D:9      | 9409 ||| INVOKING Heroism.
  9513 | D:9      | 9513 ||| Stepping ~*~*~tactically~*~*~ (hiding).
  9519 | D:9      | 9519 ||| INVOKING Heroism.
  9856 | D:9      | 9856 ||| READING 6 scrolls of identify.
  9856 | D:9      | 9856 ||| IDENTIFYING viscous dark potion
  9890 | D:10     | Entered Level 10 of the Dungeon
  9893 | D:10     | 9893 ||| INVOKING Heroism.
  9917 | D:10     | Noticed Amaemon
  9917 | D:10     | Noticed an orange demon
  9918 | D:10     | 9918 ||| INVOKING Heroism.
  9925 | D:10     | Killed an orange demon
  9929 | D:10     | 9929 ||| INVOKING Heroism.
  9944 | D:10     | Killed Amaemon
  9944 | D:10     | Reached ** piety under Okawaru
  9983 | D:10     | 9983 ||| DROPPING +0 morningstar.
  9988 | D:10     | Found a snail-covered altar of Cheibriados.
 10005 | D:10     | 10005 ||| READING scroll of enchant weapon.
 10005 | D:10     | 10005 ||| ENCHANTING +1 vorpal broad axe.
 10046 | D:10     | Noticed a kobold demonologist
 10047 | D:10     | 10047 ||| Stepping ~*~*~tactically~*~*~ (stealth).
 10049 | D:10     | Noticed a kobold demonologist
 10050 | D:10     | 10050 ||| INVOKING Heroism.
 10055 | D:10     | Noticed an orange demon
 10056 | D:10     | Killed a kobold demonologist
 10062 | D:10     | Noticed a rust devil
 10067 | D:10     | 10067 ||| INVOKING Heroism.
 10080 | D:10     | Killed a kobold demonologist
 10168 | D:10     | Noticed Josephine
 10169 | D:10     | 10169 ||| INVOKING Heroism.
 10180 | D:10     | HP: 13/60 [Josephine/ghostly fireball (7)]
 10181 | D:10     | 10181 ||| READING 3 scrolls of teleportation.
 10182 | D:10     | 10182 ||| DRINKING 2 potions of heal wounds.
 10183 | D:10     | Reached *** piety under Okawaru
 10184 | D:10     | Reached skill level 11 in Axes
 10184 | D:10     | Reached XP level 11. HP: 20/68 MP: 14/14
 10184 | D:10     | Killed Josephine
 10185 | D:10     | Reached skill level 9 in Fighting
 10445 | D:10     | Noticed Urug
 10446 | D:10     | 10446 ||| INVOKING Heroism.
 10447 | D:10     | Noticed Maggie
 10457 | D:10     | Killed Urug
 10457 | D:10     | Reached **** piety under Okawaru
 10463 | D:10     | Killed Maggie
 10492 | D:10     | 10492 ||| Stepping ~*~*~tactically~*~*~ (stealth).
 10494 | D:10     | 10494 ||| SWAPPING to +2 broad axe of draining.
 10674 | D:10     | 10674 ||| DROPPING +2 vorpal broad axe.
 10759 | D:10     | 10759 ||| INVOKING Heroism.
 10816 | D:10     | 10816 ||| Stepping ~*~*~tactically~*~*~ (hiding).
 10817 | D:10     | 10817 ||| Stepping ~*~*~tactically~*~*~ (hiding).
 10988 | D:10     | 10988 ||| Stepping ~*~*~tactically~*~*~ (stealth).
 10989 | D:10     | 10989 ||| INVOKING Heroism.
 11021 | D:10     | 11021 ||| INVOKING Heroism.
 11159 | D:10     | 11159 ||| READING scroll of enchant armour.
 11159 | D:10     | 11159 ||| ENCHANTING +1 helmet.
 11169 | D:10     | 11169 ||| INVOKING Heroism.
 11316 | D:10     | Found Pamn's Distillery.
 11319 | D:10     | 11319 ||| BUYING potion of attraction (42 gold).
 11319 | D:10     | Bought a potion of attraction for 42 gold pieces
 11319 | D:10     | 11319 ||| BUYING potion of cancellation (112 gold).
 11319 | D:10     | Bought a potion of cancellation for 112 gold pieces
 11319 | D:10     | 11319 ||| BUYING potion of curing (42 gold).
 11319 | D:10     | Bought a potion of curing for 42 gold pieces
 11319 | D:10     | 11319 ||| BUYING potion of curing (42 gold).
 11319 | D:10     | Bought a potion of curing for 42 gold pieces
 11319 | D:10     | 11319 ||| SHOPLISTING potion of haste (140 gold, have 132).
 11319 | D:10     | 11319 ||| BUYING potion of mutation (112 gold).
 11319 | D:10     | Bought a potion of mutation for 112 gold pieces
 11385 | D:10     | 11385 ||| DROPPING amulet of faith.
 11386 | D:10     | 11386 ||| READING 5 scrolls of identify.
 11386 | D:10     | 11386 ||| IDENTIFYING fizzy coppery potion
 11387 | D:10     | 11387 ||| DROPPING potion of berserk rage.
 11403 | D:11     | 11403 ||| INVOKING Heroism.
 11413 | D:11     | Noticed a two-headed ogre
 11414 | D:11     | Received a gift from Okawaru
 11422 | D:11     | Killed a two-headed ogre
 11432 | D:11     | 11432 ||| INVOKING Heroism.
 11437 | D:11     | Reached skill level 6 in Invocations
 11490 | D:11     | 11490 ||| INVOKING Heroism.
 11496 | D:11     | Received a gift from Okawaru
 11521 | D:11     | 11521 ||| INVOKING Heroism.
 11559 | D:11     | 11559 ||| FLEEEEING.
 11560 | D:11     | 11560 ||| FLEEEEING.
 11561 | D:11     | 11561 ||| FLEEEEING.
 11562 | D:11     | 11562 ||| FLEEEEING.
 11564 | D:11     | 11564 ||| STAIRDANCE
 11665 | D:11     | 11665 ||| Stepping ~*~*~tactically~*~*~ (stealth).
 11691 | D:11     | 11691 ||| INVOKING Heroism.
 11713 | D:11     | 11713 ||| INVOKING Heroism.
 11746 | D:11     | 11746 ||| FLEEEEING.
 11747 | D:11     | 11747 ||| FLEEEEING.
 11748 | D:11     | 11748 ||| FLEEEEING.
 11749 | D:11     | 11749 ||| FLEEEEING.
 11750 | D:11     | 11750 ||| STAIRDANCE
 11796 | D:11     | Received a gift from Okawaru
 11806 | D:11     | 11806 ||| INVOKING Heroism.
 11811 | D:11     | 11811 ||| Stepping ~*~*~tactically~*~*~ (stealth).
 11812 | D:11     | 11812 ||| Stepping ~*~*~tactically~*~*~ (stealth).
 11817 | D:11     | 11817 ||| Stepping ~*~*~tactically~*~*~ (stealth).
 11819 | D:11     | Reached skill level 12 in Axes
 11824 | D:11     | 11824 ||| Stepping ~*~*~tactically~*~*~ (stealth).
 11826 | D:11     | 11826 ||| Stepping ~*~*~tactically~*~*~ (stealth).
 11891 | D:11     | Found a staircase to the Lair.
 11925 | D:11     | Identified the ring of Ufengiofe {rPois EV+4 Slay+3}
 11958 | D:11     | Found a staircase to the Orcish Mines.
 12041 | D:11     | 12041 ||| Stepping ~*~*~tactically~*~*~ (stealth).
 12042 | D:11     | 12042 ||| Stepping ~*~*~tactically~*~*~ (stealth).
 12043 | D:11     | 12043 ||| Stepping ~*~*~tactically~*~*~ (stealth).
 12044 | D:11     | 12044 ||| Stepping ~*~*~tactically~*~*~ (stealth).
 12045 | D:11     | 12045 ||| Stepping ~*~*~tactically~*~*~ (stealth).
 12135 | D:11     | Noticed a two-headed ogre
 12135 | D:11     | Noticed a boulder beetle
 12136 | D:11     | 12136 ||| INVOKING Heroism.
 12143 | D:11     | Killed a two-headed ogre
 12143 | D:11     | Reached ***** piety under Okawaru
 12144 | D:11     | Reached XP level 12. HP: 62/76 MP: 15/17
 12144 | D:11     | 12144 ||| INVOKING Finesse.
 12152 | D:11     | Killed a boulder beetle
 12313 | D:11     | Found an ornate altar of the Wu Jian Council.
 12327 | D:11     | 12327 ||| PLANNING LAIR
 12327 | D:11     | 12327 ||| DROPPING +6 ring of dexterity.
 12328 | D:11     | 12328 ||| UPGRADING to ring of Ufengiofe {rPois EV+4
                  | Slay+3}.
 12330 | D:11     | 12330 ||| READING scroll labelled JAOSA GIAMUKLI.
 12331 | D:11     | 12331 ||| DROPPING 2 boomerangs.
 12360 | Lair:1   | Entered Level 1 of the Lair of Beasts
 12377 | Lair:1   | 12377 ||| INVOKING Heroism.
 12384 | Lair:1   | Reached skill level 6 in Shields
 12439 | Lair:1   | 12439 ||| INVOKING Heroism.
 12453 | Lair:1   | Reached skill level 9 in Invocations
 12496 | Lair:1   | Identified the +2 leather armour of the Turtledove {rN+
                  | Slay+2}
 12539 | Lair:1   | 12539 ||| Stepping ~*~*~tactically~*~*~ (stealth).
 12542 | Lair:1   | 12542 ||| INVOKING Heroism.
 12548 | Lair:1   | Reached skill level 9 in Armour
 12698 | Lair:1   | 12698 ||| READING scroll of enchant weapon.
 12698 | Lair:1   | 12698 ||| ENCHANTING +2 broad axe of draining.
 12730 | Lair:1   | 12730 ||| Stepping ~*~*~tactically~*~*~ (stealth).
 12731 | Lair:1   | 12731 ||| Stepping ~*~*~tactically~*~*~ (stealth).
 12732 | Lair:1   | 12732 ||| INVOKING Heroism.
 13194 | Lair:2   | 13194 ||| Stepping ~*~*~tactically~*~*~ (stealth).
 13223 | Lair:2   | 13223 ||| Stepping ~*~*~tactically~*~*~ (stealth).
 13227 | Lair:2   | 13227 ||| INVOKING Heroism.
 13381 | Lair:2   | Found a frozen archway.
 13763 | Lair:2   | Found a staircase to the Shoals.
 13764 | Lair:2   | 13764 ||| INVOKING Heroism.
 13876 | Lair:2   | Found a hole to the Spider Nest.
 14247 | Lair:2   | 14247 ||| DROPPING +1 hat.
 14270 | Lair:3   | Noticed a four-headed hydra
 14271 | Lair:3   | 14271 ||| INVOKING Heroism.
 14272 | Lair:3   | 14272 ||| INVOKING Finesse.
 14274 | Lair:3   | 14274 ||| SWAPPING to +1 demon whip of venom.
 14278 | Lair:3   | Killed a four-headed hydra
 14278 | Lair:3   | Identified the +9 quick blade "Wacram Hilo" {spect, Contam
                  | rPois Str-4 Int+6} (Okawaru gifted it to you on level 3 of
                  | the Lair of Beasts)
 14278 | Lair:3   | Received a gift from Okawaru
 14279 | Lair:3   | 14279 ||| SWAPPING to +3 broad axe of draining.
 14303 | Lair:3   | 14303 ||| Stepping ~*~*~tactically~*~*~ (stealth).
 14359 | Lair:3   | 14359 ||| INVOKING Heroism.
 14484 | Lair:3   | Noticed a catoblepas
 14485 | Lair:3   | 14485 ||| INVOKING Heroism.
 14486 | Lair:3   | 14486 ||| INVOKING Finesse.
 14490 | Lair:3   | Killed a catoblepas
 14731 | Lair:3   | 14731 ||| INVOKING Heroism.
 15113 | Lair:3   | 15113 ||| UPGRADING to +2 pair of boots.
 15183 | Lair:4   | 15183 ||| READING scroll of enchant weapon.
 15183 | Lair:4   | 15183 ||| ENCHANTING +3 broad axe of draining.
 15194 | Lair:4   | 15194 ||| INVOKING Heroism.
 15222 | Lair:4   | 15222 ||| Stepping ~*~*~tactically~*~*~ (stealth).
 15224 | Lair:4   | 15224 ||| Stepping ~*~*~tactically~*~*~ (stealth).
 15226 | Lair:4   | 15226 ||| Stepping ~*~*~tactically~*~*~ (stealth).
 15242 | Lair:4   | Reached XP level 13. HP: 66/82 MP: 20/20
 15358 | Lair:4   | 15358 ||| INVOKING Heroism.
 15370 | Lair:4   | Found a viscous altar of Jiyva.
 15371 | Lair:4   | Found a staircase to the Slime Pits.
 15381 | Lair:4   | Reached skill level 13 in Axes
 15384 | Lair:4   | 15384 ||| READING 4 scrolls of teleportation.
 15385 | Lair:4   | HP: 8/82 [acid (13)]
 15386 | Lair:4   | 15386 ||| DRINKING 2 potions of heal wounds.
 15388 | Lair:4   | 15388 ||| DRINKING potion of heal wounds.
 15681 | Lair:4   | 15681 ||| Stepping ~*~*~tactically~*~*~ (stealth).
 15682 | Lair:4   | 15682 ||| Stepping ~*~*~tactically~*~*~ (stealth).
 15683 | Lair:4   | 15683 ||| INVOKING Heroism.
 15732 | Lair:4   | 15732 ||| Stepping ~*~*~tactically~*~*~ (stealth).
 15751 | Lair:4   | 15751 ||| INVOKING Heroism.
 15814 | Lair:4   | 15814 ||| INVOKING Heroism.
 15948 | Lair:4   | 15948 ||| INVOKING Heroism.
 15968 | Lair:4   | Identified the +2 pair of gloves "Kiun" {rN+ Will- Int+7
                  | Dex-5 SInv} (Okawaru gifted it to you on level 4 of the
                  | Lair of Beasts)
 15968 | Lair:4   | Received a gift from Okawaru
 16458 | Lair:4   | 16458 ||| UPGRADING to +2 pair of gloves "Kiun" {rN+ Will-
                  | Int+7 Dex-5 SInv}.
 16469 | Lair:5   | Entered Level 5 of the Lair of Beasts
 16473 | Lair:5   | 16473 ||| INVOKING Heroism.
 16480 | Lair:5   | Reached skill level 14 in Axes
 16629 | Lair:5   | 16629 ||| INVOKING Heroism.
 16632 | Lair:5   | 16632 ||| INVOKING Finesse.
 16633 | Lair:5   | 16633 ||| SWAPPING to +1 demon whip of venom.
 16634 | Lair:5   | 16634 ||| SWAPPING to +4 broad axe of draining.
 16636 | Lair:5   | 16636 ||| SWAPPING to +1 demon whip of venom.
 16646 | Lair:5   | 16646 ||| SWAPPING to +4 broad axe of draining.
 16709 | Lair:5   | 16709 ||| Stepping ~*~*~tactically~*~*~ (stealth).
 16744 | Lair:5   | 16744 ||| Stepping ~*~*~tactically~*~*~ (stealth).
 16746 | Lair:5   | 16746 ||| INVOKING Heroism.
 16747 | Lair:5   | 16747 ||| INVOKING Finesse.
 16762 | Lair:5   | 16762 ||| Stepping ~*~*~tactically~*~*~ (stealth).
 16772 | Lair:5   | 16772 ||| Stepping ~*~*~tactically~*~*~ (stealth).
 16773 | Lair:5   | 16773 ||| Stepping ~*~*~tactically~*~*~ (stealth).
 16780 | Lair:5   | 16780 ||| Stepping ~*~*~tactically~*~*~ (stealth).
 16786 | Lair:5   | 16786 ||| Stepping ~*~*~tactically~*~*~ (stealth).
 16791 | Lair:5   | 16791 ||| Stepping ~*~*~tactically~*~*~ (stealth).
 16805 | Lair:5   | 16805 ||| INVOKING Finesse.
 16818 | Lair:5   | Mutation became permanent: Your large and strong wings let
                  | you fly. [Gargoyle growth]
 16818 | Lair:5   | Gained mutation: Your large and strong wings let you fly.
                  | [Gargoyle growth]
 16818 | Lair:5   | Reached XP level 14. HP: 72/90 MP: 14/21
 16927 | Lair:5   | Noticed Kirke
 16928 | Lair:5   | 16928 ||| Stepping ~*~*~tactically~*~*~ (stealth).
 16933 | Lair:5   | 16933 ||| Stepping ~*~*~tactically~*~*~ (stealth).
 16935 | Lair:5   | 16935 ||| INVOKING Heroism.
 16936 | Lair:5   | 16936 ||| INVOKING Finesse.
 16941 | Lair:5   | 16941 ||| Stepping ~*~*~tactically~*~*~ (stealth).
 16946 | Lair:5   | Killed Kirke
 16946 | Lair:5   | Identified the +2 war axe of Regicide {freeze, Stlth+}
                  | (Okawaru gifted it to you on level 5 of the Lair of Beasts)
 16946 | Lair:5   | Received a gift from Okawaru
 16948 | Lair:5   | 16948 ||| Stepping ~*~*~tactically~*~*~ (stealth).
 16949 | Lair:5   | 16949 ||| Stepping ~*~*~tactically~*~*~ (stealth).
 16988 | Lair:5   | 16988 ||| DROPPING +2 war axe of Regicide {freeze, Stlth+}.
 17054 | Lair:5   | 17054 ||| INVOKING Heroism.
 17055 | Lair:5   | 17055 ||| INVOKING Finesse.
 17057 | Lair:5   | 17057 ||| SWAPPING to +1 demon whip of venom.
 17064 | Lair:5   | 17064 ||| SWAPPING to +4 broad axe of draining.
 17137 | Lair:5   | Identified the +1 ring mail of Benevolence {rElec rCorr
                  | Str+4 Int-2 Slay+3}
 17167 | Lair:5   | Found a dark tunnel.
 17313 | Lair:5   | 17313 ||| INVOKING Heroism.
 17390 | Lair:5   | 17390 ||| Stepping ~*~*~tactically~*~*~ (stealth).
 17431 | Lair:5   | 17431 ||| INVOKING Heroism.
 17432 | Lair:5   | 17432 ||| INVOKING Finesse.
 17479 | Lair:5   | 17479 ||| INVOKING Heroism.
 17483 | Lair:5   | Reached skill level 15 in Axes
 17484 | Lair:5   | 17484 ||| Stepping ~*~*~tactically~*~*~ (hiding).
 17545 | Lair:5   | Identified the +6 quarterstaff "Xaiceragank" {elec, rN+
                  | MP-9 Dex+4 SInv}
 17565 | Lair:5   | 17565 ||| INVOKING Heroism.
 17569 | Lair:5   | 17569 ||| Stepping ~*~*~tactically~*~*~ (stealth).
 17726 | Lair:5   | 17726 ||| PLANNING D
 18103 | D:12     | 18103 ||| INVOKING Heroism.
 18123 | D:12     | Reached skill level 12 in Fighting
 18126 | D:12     | HP: 17/92 [skeletal warrior/+0 war axe (13)]
 18127 | D:12     | 18127 ||| READING 3 scrolls of teleportation.
 18169 | D:12     | 18169 ||| INVOKING Heroism.
 18170 | D:12     | 18170 ||| Stepping ~*~*~tactically~*~*~ (hiding).
 18171 | D:12     | 18171 ||| Stepping ~*~*~tactically~*~*~ (hiding).
 18915 | D:12     | 18915 ||| INVOKING Heroism.
 19218 | D:13     | 19218 ||| INVOKING Heroism.
 19219 | D:13     | 19219 ||| INVOKING Finesse.
 19339 | D:13     | 19339 ||| INVOKING Heroism.
 19340 | D:13     | 19340 ||| SWAPPING to +1 demon whip of venom.
 19341 | D:13     | 19341 ||| INVOKING Finesse.
 19351 | D:13     | 19351 ||| SWAPPING to +4 broad axe of draining.
 19458 | D:13     | Reached skill level 12 in Armour
 19460 | D:13     | 19460 ||| Stepping ~*~*~tactically~*~*~ (hiding).
 19466 | D:13     | 19466 ||| INVOKING Heroism.
 19467 | D:13     | 19467 ||| INVOKING Finesse.
 19468 | D:13     | 19468 ||| INVOKING Finesse.
 19476 | D:13     | Received a gift from Okawaru
 19766 | D:13     | 19766 ||| Stepping ~*~*~tactically~*~*~ (hiding).
 19780 | D:13     | Received a gift from Okawaru
 19834 | D:13     | 19834 ||| INVOKING Heroism.
 19932 | D:13     | Noticed Erolcha
 19933 | D:13     | 19933 ||| INVOKING Heroism.
 19934 | D:13     | 19934 ||| INVOKING Finesse.
 19938 | D:13     | Killed Erolcha
 20263 | D:14     | 20263 ||| Stepping ~*~*~tactically~*~*~ (hiding).
 20267 | D:14     | 20267 ||| FLEEEEING.
 20268 | D:14     | 20268 ||| FLEEEEING.
 20271 | D:14     | 20271 ||| INVOKING Heroism.
 20292 | D:14     | HP: 21/92 [fire dragon/blast of flame (27)]
 20293 | D:14     | 20293 ||| READING 3 scrolls of teleportation.
 20295 | D:14     | Killed from afar by a fire dragon

Levels and vault maps discovered:
D:1:      lemuel_arrival_behind_the_door_small, layout_loops_ring,
          shapermc_ecumenical_altar_ellora, chequers_garden
D:2:      layout_rooms, serial_shops, shop_fountains, shop, shop
D:3:      layout_rooms
D:4:      layout_loops_ring, minmay_temple_entry_mini_moons, serial_shops,
          nicolae_take_the_stairs, shop_scrolls, nicolae_shop_behind_doors
D:5:      layout_loops_ring, zin_purify, serial_bayou, serial_bayou_pond_b,
          serial_bayou_shore_b, serial_bayou_lagoon_a, serial_bayou_pond_a
D:6:      minmay_diamond_boxcup, layout_gridville, moated_statue, st_stairs_7
D:7:      layout_gridville, grunt_temple_overflow_open, minivault_1
D:8:      layout_loops_ring, gammafunk_ghost_spectres,
          chequers_serial_rivers_micro_d, minmay_crystal_water
D:9:      layout_grid_maze, serial_shops, shop, ebering_ghost_gozag
D:10:     layout_roguey [special_room_orc], lemuel_doored_altar, serial_shops,
          kennysheep_mini, mrwooster_statue_mirror, uniq_urug, uniq_maggie,
          uniq_josephine, uniq_amaemon
D:11:     layout_rooms, minmay_lair_entry_grove, zombieorc2_lemuel,
          nicolae_wu_jian_glorious_leap
D:12:     layout_layer_cave
D:13:     layout_roguey, st_stairs_9, uniq_erolcha
D:14:     layout_basic, hangedman_vaults_entry_quadrant_bands, elyvilon_altar_5,
          nzn_hepliaklqana_mist_gate
Temple:   compressed_dpeg_circular_temple
Lair:1:   layout_cave_shapes, grunt_megastairs_1
Lair:2:   layout_cave_pods, minmay_shoals_entry_centaurs,
          spider_nest_entry_rubble, portal_ice_cave_demonic_guard,
          small_statue_intersection, chequers_serial_rivers_marsh,
          serial_bayou_shore_b
Lair:3:   layout_roguey, chequers_serial_rivers_micro_b, serial_bayou_shore_b,
          lemuel_fruit_tree
Lair:4:   layout_concentric_octagons, nicolae_slime_entry_slimehenge,
          grunt_megastairs_4
Lair:5:   grunt_lair_end_beastmaster, layout_misc_corridors, enter_volcano_4,
          uniq_kirke

Skill      XL: |  1  2  3  4  5  6  7  8  9 10 11 12 13 14 |
---------------+-------------------------------------------+-----
Axes           | 2 3 4 5 7 8 10 11 12 14 15 | 15.6
Throwing       | 2 3 4 5 |  5.9
Fighting       | 4 6 7 8 9 10 11 12 | 12.0
Dodging        | 1 2 |  2.0
Armour         | 4 6 7 8 9 11 12 | 12.0
Shields        | 4 5 6 7 |  7.5
Invocations    | 4 7 10 | 10.0

Action                   |  1- 3 |  4- 6 |  7- 9 | 10-12 | 13-15 || total
-------------------------+-------+-------+-------+-------+-------++-------
Melee: War axe           |    96 |    72 |   265 |    46 |       ||   479
       Kick              |       |       |     6 |   129 |       ||   135
       Broad axe         |       |       |       |   446 |   409 ||   855
       Demon whip        |       |       |       |     2 |    22 ||    24
Throw: Javelin           |       |    30 |    48 |    95 |   109 ||   282
       Boomerang         |       |       |       |     4 |       ||     4
Invok: Heroism           |       |       |       |    35 |    23 ||    58
       Finesse           |       |       |       |     3 |    10 ||    13
  Use: Scroll            |     7 |     8 |     9 |     8 |     3 ||    35
       Potion            |       |     4 |     3 |     1 |     2 ||    10
 Stab: Distracted        |       |     1 |       |     1 |       ||     2
Armor: Scale mail        |    30 |       |       |       |       ||    30
       Chain mail        |    36 |    28 |    90 |       |       ||   154
       Plate armour      |       |       |    22 |   200 |   132 ||   354
Dodge: Dodged            |    39 |    24 |   140 |   209 |   175 ||   587
Block: Buckler           |    19 |    15 |    80 |   246 |   142 ||   502
       Reflection        |       |       |     2 |    11 |     4 ||    17

Table legend:
 A = Non-vault XP
 B = Vault XP
 C = Vault XP percentage of total XP
 D = Non-vault monster count
 E = Vault monster count
 F = Vault count percentage of total count
                 A         B        C        D         E       F
            +---------+---------+-------+---------+---------+-------
      Total |   59499 |   23135 |  28.0 |     371 |     142 |  27.7
            +---------+---------+-------+---------+---------+-------
        D:1 |      37 |       0 |   0.0 |      21 |       0 |   0.0
        D:2 |      34 |       0 |   0.0 |      16 |       0 |   0.0
        D:3 |      45 |       0 |   0.0 |      13 |       0 |   0.0
        D:4 |     490 |       0 |   0.0 |      27 |       0 |   0.0
        D:5 |     676 |     429 |  38.8 |      30 |       7 |  18.9
        D:6 |     819 |     590 |  41.9 |      18 |       7 |  28.0
        D:7 |     732 |       0 |   0.0 |      19 |       0 |   0.0
        D:8 |     923 |       0 |   0.0 |      21 |       0 |   0.0
        D:9 |    1724 |       0 |   0.0 |      26 |       0 |   0.0
       D:10 |    1522 |    4352 |  74.1 |      16 |      35 |  68.6
       D:11 |    4608 |    2886 |  38.5 |       9 |      49 |  84.5
       D:12 |    6471 |       0 |   0.0 |      15 |       0 |   0.0
       D:13 |    5950 |    2307 |  27.9 |      16 |       4 |  20.0
       D:14 |    2674 |       0 |   0.0 |       7 |       0 |   0.0
     Lair:1 |    4679 |     800 |  14.6 |      29 |       5 |  14.7
     Lair:2 |    1641 |    1300 |  44.2 |       5 |       6 |  54.5
     Lair:3 |    2804 |       0 |   0.0 |       7 |       0 |   0.0
     Lair:4 |   10136 |     725 |   6.7 |      41 |      10 |  19.6
     Lair:5 |   13534 |    9746 |  41.9 |      35 |      19 |  35.2
            +---------+---------+-------+---------+---------+-------
